 Dungeon Crawl Stone Soup version 0.24.1-14-gf8d2b509d9 (webtiles) character file.

Game seed: 6714991907697712502, levelgen mode: deterministic

717 Mrkan the Ruffian (level 7, -6/71 HPs)
             Began as a Troll Monk on May 22, 2020.
             Killed by divine providence
             ... invoked by an orc priest
              (12 damage)
             ... on level 4 of the Dungeon.
             The game lasted 00:05:49 (2535 turns).

Mrkan the Ruffian (Troll Monk)                      Turns: 2535, Time: 00:05:49

Health: -6/71      AC:  8    Str: 21    XL:     7   Next: 42%
Magic:  6/6        EV: 10    Int:  7    God:
Gold:   102        SH:  0    Dex: 12    Spells: 6/6 levels left

rFire    . . .     SeeInvis .     - Unarmed
rCold    . . .     Gourm    +   (no shield)
rNeg     . . .     Faith    .   a - +0 robe
rPois    .         Spirit   .   q - +2 hat
rElec    .         Reflect  .   (no cloak)
rCorr    .         Harm     .   (gloves unavailable)
MR       .....                  (boots unavailable)
Stlth    ++........             (no amulet)
HPRegen  0.61/turn              (no ring)
MPRegen  0.10/turn              (no ring)

@: hasted, very quick
A: large, unfitting armour, claws 3, fast metabolism 3, gourmand, regeneration
1, shaggy fur 1, tough skin 3
a: no special abilities


You were on level 4 of the Dungeon.
You were very full.

You visited 1 branch of the dungeon, and saw 4 of its levels.

You collected 102 gold pieces.

Inventory:

Hand Weapons
 p - the +4 short sword of Peace {antimagic, Int+3, unknown}
   (You found it on level 4 of the Dungeon)

   It reduces the magical energy of the wielder, and disrupts the spells and
   magical abilities of those hit.
   Natural abilities and divine invocations are not affected.
   It affects your intelligence (+3).
Armour
 a - a +0 robe (worn)
 q - a +2 hat (worn)
Jewellery
 j - a cursed ring of teleportation {unknown}
Wands
 s - a wand of flame (9)
Scrolls
 c - a scroll of identify {unknown}
 e - a scroll of immolation {unknown}
 g - 3 scrolls of remove curse {unknown}
 h - 3 scrolls of teleportation {unknown}
 k - a scroll of blinking {unknown}
 l - a scroll of enchant weapon {unknown}
 m - a scroll of fog {unknown}
 o - a scroll of fear {unknown}
 t - 2 scrolls of magic mapping
Potions
 d - a potion of curing {unknown}
 f - a potion of magic {unknown}
 i - 2 potions of haste
 n - 2 potions of heal wounds {unknown}
 r - a potion of lignification {unknown}
 u - a potion of flight {unknown}
Comestibles
 b - 6 rations


   Skills:
 + Level 4.6 Fighting
 - Level 2.4 Dodging
 - Level 1.0 Stealth
 * Level 7.4 Unarmed Combat


You had 6 spell levels left.
You didn't know any spells.
Your spell library was empty.

Dungeon Overview and Level Annotations

Branches:
Dungeon (4/15)
 Temple: D:4-7

Altars:
Dithmenos
Zin

Shops:
D:2 *


Innate Abilities, Weirdness & Mutations

You are too large for most types of armour.
You have claws for hands.
Your metabolism is lightning-fast.
You like to eat raw meat.
Your natural rate of healing is unusually fast.
You are covered in fur. (AC +1)
You have extremely tough skin. (AC +3)


Message History

You scratch the orc wizard.
The orc wizard is severely wounded.
The orc wizard hits you but does no damage. x2
You barely miss the orc wizard.
The orc wizard is severely wounded.
The orc priest calls upon Beogh to heal the orc.
The orc's wounds heal themselves!
The orc wizard barely misses you.
It was a potion of haste.
You feel yourself speed up.
The orc wizard hits you with a +0 dagger.
* * * LOW HITPOINT WARNING * * *
The orc priest invokes the aid of Beogh against you.
Beogh smites you!
* * * LOW HITPOINT WARNING * * *
Okay, then.
The orc wizard looks satisfied for a moment.
The orc priest begins to cast a cantrip, but forgets the words!
The orc priest looks encouraged for a moment.
The orc priest calls down the wrath of Beogh upon you.
Beogh smites you!
You die...

###. .## .... ...(. ..# .....
### ##... #.# ..... #..
......#.#o.....
#..#####.......#!#o...l.
#..#..... #...o...... #......
###)##..:.. .
#.##.###########o#######
....##.#.....@.o.o..oo......#
.........############.#####.#
#......#.# #... ..
....##.#.###### ### ####>#
### ###......###.###... #
............#.....#.##.#
######......#.#.#....#.##
#...........#........
#.#######.#.#........


You could see an orc priest, an orc wizard and an orc.

Vanquished Creatures
  Grinder (D:3)
  A phantom (D:4)
  A centaur (D:2)
  A crimson imp (D:3)
  A centaur skeleton (D:4)
  Natasha (twice) (D:2)
  Robin (D:3)
  8 adders
  7 gnolls (D:3)
  An ooze (D:2)
  An adder skeleton (D:3)
  A worm (D:3)
  A dart slug (D:3)
  A leopard gecko (D:3)
  3 orcs
  5 bats
  A giant cockroach (D:1)
  17 goblins
  13 hobgoblins
  5 jackals
  3 quokkas
  A ball python (D:3)
  2 frilled lizards
  7 kobolds
  8 rats
93 creatures vanquished.

Notes
Turn   | Place    | Note
-------+----------+-------------------------------------------
     0 | D:1      | Mrkan the Troll Monk began the quest for the Orb.
     0 | D:1      | Reached XP level 1. HP: 22/22 MP: 0/0
   181 | D:1      | Reached XP level 2. HP: 29/29 MP: 1/1
   728 | D:2      | Reached XP level 3. HP: 32/36 MP: 2/2
   796 | D:2      | Reached skill level 4 in Unarmed Combat
   817 | D:2      | Noticed a centaur
   827 | D:2      | Killed a centaur
   827 | D:2      | Reached XP level 4. HP: 5/45 MP: 3/3
  1020 | D:2      | Reached skill level 5 in Unarmed Combat
  1058 | D:2      | Reached XP level 5. HP: 53/53 MP: 4/4
  1304 | D:2      | Noticed Natasha
  1308 | D:2      | Killed Natasha
  1494 | D:2      | Found Zin's Purification Station.
  1497 | D:2      | Found a glowing silver altar of Zin.
  1521 | D:2      | Noticed Natasha
  1534 | D:2      | Killed Natasha
  1642 | D:3      | Found a shadowy altar of Dithmenos.
  1672 | D:3      | Reached XP level 6. HP: 62/62 MP: 5/5
  1726 | D:3      | Noticed Grinder
  1731 | D:3      | Paralysed by Grinder for 6 turns
  1741 | D:3      | Paralysed by Grinder for 2 turns
  1744 | D:3      | Killed Grinder
  1744 | D:3      | Reached skill level 6 in Unarmed Combat
  1806 | D:3      | Reached XP level 7. HP: 48/70 MP: 6/6
  1961 | D:3      | Noticed Robin
  2022 | D:3      | Killed Robin
  2091 | D:3      | Reached skill level 7 in Unarmed Combat
  2502 | D:4      | Got a pitted short sword
  2535 | D:4      | Killed from afar by an orc priest

Levels and vault maps discovered:
D:1:      wander_arrival_peaceful_grave, layout_loops_ring
D:2:      minmay_skewed_foursquare, layout_basic, zin_purify,
          minmay_misc_feat_rugged, minmay_misc_feat_iff,
          kennysheep_generic_room_10, uniq_natasha
D:3:      layout_basic, grunt_dithmenos_smoke_and_mirrors, st_stairs_10,
          minmay_liquid_box, minmay_vboxes, uniq_grinder, uniq_robin
D:4:      layout_basic, first_ration, lemuel_flame_loot_1

Skill      XL: |  1  2  3  4  5  6  7 |
---------------+----------------------+-----
Unarmed Combat | 4 5 6 7 |  7.4
Fighting       | 3 4 |  4.6
Dodging        | |  2.4
Stealth        | |  1.0

Action                   |  1- 3 |  4- 6 |  7- 9 || total
-------------------------+-------+-------+-------++-------
Melee: Unarmed           |    78 |    89 |    95 ||   262
       Punch             |     1 |     1 |     5 ||     7
  Use: Scroll            |     1 |       |       ||     1
       Potion            |       |       |     1 ||     1
 Stab: Sleeping          |     1 |     3 |     1 ||     5
       Distracted        |       |     1 |       ||     1
  Eat: Chunk             |     3 |    16 |     4 ||    23
       Ration            |     1 |       |       ||     1
Armor: Robe              |    26 |    50 |    63 ||   139
Dodge: Dodged            |    44 |    55 |    56 ||   155
